 Dungeon Crawl Stone Soup version 0.23-a0-108-gf7ee2ed (webtiles) character file.

105175 galech the Severer (level 15, -1/187 HPs)
             Began as a Demonspawn Berserker on Aug 21, 2018.
             Was the Champion of Trog.
             Slain by a skeletal warrior
             ... wielding a +0 trident
             ... led by a skeletal warrior
              (9 damage)
             ... on level 15 of the Dungeon.
             The game lasted 01:07:46 (22824 turns).

galech the Severer (Demonspawn Berserker)          Turns: 22824, Time: 01:07:46

Health: -1/187     AC: 25    Str: 26    XL:     15   Next: 94%
Magic:  0/24       EV: 12    Int: 13    God:    Trog [******]
Gold:   1979       SH:  0    Dex: 26    Spells: 14/14 levels left

rFire    + + +     SeeInvis .   V - +8 executioner's axe (chop)
rCold    . . .     Gourm    .   (shield currently unavailable)
rNeg     . . .     Faith    .   Q - +7 plate armour {ponderous}
rPois    .         Spirit   +   l - +0 helmet of Kekoatev {rF+++ rC- Str+2 Stlth+}
rElec    .         Reflect  .   o - scarf {repulsion}
rCorr    .         Harm     .   u - +0 pair of gloves {Dex+3}
MR       +....                  (no boots)
Stlth    ..........             p - amulet of regeneration
HPRegen  0.81/turn              R - ring "Zoodydep" {rF+ rC+ MP+9 Int+5}
MPRegen  0.38/turn              D - +5 ring of dexterity

@: berserking, starving, repel missiles, very quick
A: hooves 1, spiny 2, magic shield, magic regeneration, sturdy frame 1
a: Berserk, Trog's Hand, Brothers in Arms, Renounce Religion


You were on level 15 of the Dungeon.
You worshipped Trog.
Trog was exalted by your worship.
You were starving.

You visited 3 branches of the dungeon, and saw 23 of its levels.
You also visited: Bailey and Ice Cave.

You collected 2805 gold pieces.
You spent 826 gold pieces at shops.

Inventory:

Hand Weapons
 q - the +5 demon blade of Killer Klown's Regret {protect, rF+ Str+7}
   (Trog gifted it to you in an ice cave)

   It protects the one who uses it against injury (+AC on strike).
   It affects your strength (+7).
   It protects you from fire.
 x - a +3 scimitar of flaming
 V - a +8 executioner's axe of chopping (weapon)
Armour
 l - the +0 helmet of Kekoatev (worn) {rF+++ rC- Str+2 Stlth+}
   (You found it on level 12 of the Dungeon)

   It affects your strength (+2).
   It renders you almost immune to fire.
   It makes you vulnerable to cold.
   It makes you more stealthy.
 o - a scarf of repulsion (worn)
 u - a +0 pair of gloves of dexterity (worn)
 J - a +2 leather armour of fire resistance
 Q - a +7 plate armour of ponderousness (worn)
 X - a scarf of cloud immunity
Jewellery
 a - an uncursed ring of fire
 m - an uncursed ring of fire
 n - an uncursed ring of protection from cold
 p - an amulet of regeneration (around neck)
 v - an uncursed amulet of magic regeneration {unknown}
 D - a +5 ring of dexterity (right hand)
 R - the ring "Zoodydep" (left hand) {rF+ rC+ MP+9 Int+5}
   (You found it on level 11 of the Dungeon)

   [ring of magical power]

   It affects your intelligence (+5).
   It protects you from fire.
   It protects you from cold.
   It affects your magic capacity (+9).
 T - the ring of Rud Paimo {rElec rN+}
   (You found it on level 13 of the Dungeon)

   [ring of positive energy]

   It insulates you from electricity.
   It protects you from negative energy.
Scrolls
 d - 2 scrolls of acquirement
 g - 9 scrolls of teleportation
 h - a scroll of enchant weapon
 i - 5 scrolls of fear
 r - 3 scrolls of summoning
 A - 4 scrolls of magic mapping
 B - 6 scrolls of fog
 C - 7 scrolls of remove curse
 F - 3 scrolls of identify
 L - 2 scrolls of blinking
 S - 2 scrolls of silence
 Y - a scroll of brand weapon
 Z - a scroll of holy word
Potions
 b - 2 potions of magic
 e - 2 potions of brilliance
 f - 3 potions of berserk rage
 j - 5 potions of mutation
 k - 2 potions of invisibility
 s - 2 potions of haste
 w - 2 potions of flight
 z - 7 potions of heal wounds
 E - 3 potions of lignification
 H - a potion of agility
 K - a potion of might
 O - 2 potions of cancellation
 P - 10 potions of curing
 W - a potion of ambrosia
Miscellaneous
 I - a sack of spiders
 M - a phantom mirror
 U - 2 boxes of beasts
Comestibles
 c - 30 rations


   Skills:
 + Level 13.6 Fighting
 + Level 11.9 Long Blades
 + Level 15.4 Axes
 + Level 12.0 Armour
 + Level 5.2 Dodging
 + Level 2.0 Stealth
 + Level 0.8 Evocations


You had 14 spell levels left.
You didn't know any spells.
Your spell library was empty.

Dungeon Overview and Level Annotations

Branches:
Dungeon (15/15)            Temple (0/1) D:6            Lair (6/6) D:10
 Shoals (0/4) Lair:2       Spider (0/4) Lair:4        Slime (0/5) Lair:6
    Orc (2/2) D:10            Elf (0/3) Orc:2        Vaults (0/5) D:14
 Depths: D:15

Altars:
Hepliaklqana
Okawaru
Qazlal
Xom
Zin
The Shining One
Beogh

Shops:
D:11 }   D:12 =*?!   D:13 %   Orc:2 [=:}

Annotations:
Lair:6 exclusion: 4 oklob plants


Innate Abilities, Weirdness & Mutations

You have large cloven feet.
You are mostly covered in sharp spines.
When hurt, damage is shared between your health and your magic reserves.
You regenerate magic rapidly.
Your movements are slightly less encumbered by armour. (ER -2)


Message History

Things that are here:
a bardiche; a chain mail; an orc corpse You barely miss the skeletal warrior.
Your kick misses the skeletal warrior.
The skeletal warrior is lightly damaged.
You slash the orc warrior!
The orc warrior hits you with a trident!
* * * LOW HITPOINT WARNING * * *
You closely miss the skeletal warrior.
You kick the skeletal warrior, but do no damage.
The skeletal warrior is lightly damaged.
You slice the orc warrior!!
You kill the orc warrior!
Trog accepts your kill.
The skeletal warrior hits you but does no damage.
You completely miss the skeletal warrior.
You kick the skeletal warrior.
The skeletal warrior is moderately damaged.
The skeletal warrior is struck by your spines.
The skeletal warrior hits you with a trident!
You die...

############
#..........#
#..........#
#....<....)####
#.....)(.......
#....()))......
#...).)@.......
#......z.......
.................
.############....
.... .. .


You could see a skeletal warrior.

Vanquished Creatures
  6 dire elephants (Lair:6)
  An ettin (D:13)
  5 hydras
  An anaconda (Lair:6)
  A death knight (D:14)
  7 two-headed ogres
  Erica (Orc:1)
  3 centaur warriors
  A queen ant (Lair:3)
  A tengu warrior (D:14)
  7 death yaks
  Sonja (Orc:1)
  Nergalle (Orc:1)
  4 skeletal warriors (D:15)
  A deep elf archer (D:14)
  A wizard (D:13)
  Pikel (D:5)
  6 orc knights
  A necromancer (IceCv)
  A wolf spider zombie (D:10)
  An orc sorcerer (D:15)
  3 cyclopes
  An oklob plant (Lair:4)
  A deep elf mage (D:14)
  6 ugly things
  A faun (Lair:4)
  6 manticores
  8 elephants
  Maurice (D:10)
  An ice statue (IceCv)
  11 spiny frogs
  A gargoyle (D:14)
  2 torpor snails
  3 centaur zombies
  4 centaur skeletons
  5 black mambas
  2 kobold demonologists (D:14)
  9 rime drakes
  3 komodo dragons
  10 freezing wraiths (IceCv)
  8 trolls
  2 polar bears (Lair:3)
  2 slime creatures (Lair:6)
  A wolf spider simulacrum (D:15)
  Grinder (D:5)
  31 blink frogs
  15 hippogriffs
  A meliai zombie (D:15)
  5 dream sheep (Lair:6)
  A redback (Lair:4)
  A shadow (D:11)
  A vampire (D:14)
  Sigmund (D:6)
  A wraith (D:11)
  63 yaks
  11 wyverns
  A hog (shapeshifter) (D:15)
  10 basilisks
  A hungry ghost (D:8)
  6 vampire mosquitoes (D:14)
  A death yak simulacrum (IceCv)
  7 soldier ants (Lair:3)
  8 wargs (Orc:2)
  7 water moccasins
  10 porcupines
  7 sky beasts
  3 slaves (D:5)
  17 ice beasts
  2 black bears
  41 orc warriors
  3 phantoms
  3 boggarts (D:14)
  39 wolves
  3 eyes of draining
  15 centaurs
  9 ogres
  15 crocodiles
  3 big kobolds
  16 bullfrogs
  2 gnoll sergeants
  2 wyvern skeletons
  4 scorpions
  3 wights (D:14)
  10 killer bees
  An elephant simulacrum (IceCv)
  4 electric eels
  8 howler monkeys
  8 crimson imps
  2 bullfrog zombies
  2 draconian simulacra (IceCv)
  A quasit (D:13)
  6 hounds
  15 orc priests
  A gnoll shaman (D:5)
  5 jellies
  20 orc wizards
  4 bullfrog skeletons
  An iguana (D:9)
  23 worker ants
  2 spriggan simulacra (IceCv)
  2 polar bear simulacra (IceCv)
  6 troll simulacra (IceCv)
  3 centaur simulacra (IceCv)
  A hound skeleton (D:10)
  A worker ant zombie (D:11)
  9 adders
  15 gnolls
  A howler monkey skeleton (D:5)
  5 naga simulacra (IceCv)
  2 ogre simulacra (IceCv)
  5 shadow imps
  14 white imps
  3 oozes
  3 adder zombies
  2 adder skeletons
  2 worms
  2 dart slugs
  4 leopard geckos
  107 orcs
  A ball python (D:2)
  7 bats
  7 giant cockroaches
  20 goblins
  11 hobgoblins
  2 jackals (D:4)
  21 kobolds
  5 quokkas
  11 frilled lizards
  5 hobgoblin zombies (D:4)
  A kobold skeleton (D:4)
  3 kobold zombies (D:4)
  2 orc skeletons (D:4)
  An orc zombie (D:4)
  2 quokka skeletons
  10 rats
  A fungus (Lair:6)
  3 plants
926 creatures vanquished.

Vanquished Creatures (collateral kills)
  3 orc knights (Orc:2)
  A troll (Orc:2)
  7 orc warriors (Orc:2)
  2 orc wizards (Orc:2)
  4 orcs (Orc:2)
17 creatures vanquished.

Vanquished Creatures (others)
  An orc (D:11)
  2 bushes (D:10)
  5 fungi
  15 plants
23 creatures vanquished.

Grand Total: 966 creatures vanquished

Notes
Turn   | Place    | Note
-------+----------+-------------------------------------------
     0 | D:1      | galech the Demonspawn Berserker began the quest for the Orb.
     0 | D:1      | Reached XP level 1. HP: 18/18 MP: 1/1
    53 | D:1      | Reached skill level 3 in Axes
    55 | D:1      | Gained mutation: Your movements are slightly less encumbered by armour. (ER -2) [demonic ancestry]
    55 | D:1      | Reached XP level 2. HP: 9/24 MP: 2/2
  1422 | D:2      | Gained mutation: You are partially covered in sharp spines. [demonic ancestry]
  1422 | D:2      | Reached XP level 3. HP: 26/29 MP: 3/3
  1915 | D:2      | Reached ** piety under Trog
  2365 | D:3      | Reached XP level 4. HP: 25/37 MP: 4/4
  2485 | D:3      | Noticed an ogre
  2493 | D:3      | Killed an ogre
  2493 | D:3      | Reached skill level 4 in Axes
  2493 | D:3      | Reached XP level 5. HP: 42/42 MP: 5/5
  3257 | D:4      | Reached *** piety under Trog
  3264 | D:4      | Reached XP level 6. HP: 48/48 MP: 6/6
  3490 | D:4      | Found a glowing golden altar of the Shining One.
  3498 | D:4      | Reached skill level 5 in Axes
  3858 | D:5      | Entered Level 5 of the Dungeon
  3859 | D:5      | Noticed Grinder
  3867 | D:5      | Killed Grinder
  3867 | D:5      | Reached XP level 7. HP: 55/55 MP: 7/7
  3980 | D:5      | Reached **** piety under Trog
  3985 | D:5      | Reached skill level 6 in Axes
  4157 | D:5      | Gained mutation: When hurt, damage is shared between your health and your magic reserves. [demonic ancestry]
  4157 | D:5      | Reached XP level 8. HP: 58/61 MP: 8/8
  4172 | D:5      | Reached skill level 5 in Fighting
  4220 | D:5      | Got a translucent ring mail
  4246 | D:5      | Noticed Pikel
  4261 | D:5      | Killed Pikel
  4261 | D:5      | Reached skill level 7 in Axes
  4261 | D:5      | Reached skill level 1 in Stealth
  4309 | D:5      | Reached skill level 5 in Armour
  4345 | D:5      | Reached skill level 8 in Axes
  4412 | D:5      | Reached XP level 9. HP: 69/69 MP: 9/9
  5060 | D:6      | Found a staircase to the Ecumenical Temple.
  5312 | D:6      | Found a shimmering altar of Xom.
  5323 | D:6      | Noticed Sigmund
  5334 | D:6      | Killed Sigmund
  5334 | D:6      | Reached ***** piety under Trog
  5818 | D:7      | Reached skill level 9 in Axes
  6514 | D:8      | Gained mutation: You have large cloven feet. [demonic ancestry]
  6514 | D:8      | Reached XP level 10. HP: 79/79 MP: 10/10
  6645 | D:8      | Found a flagged portal.
  6659 | Bailey   | Entered a bailey
  6742 | Bailey   | Received a gift from Trog
  7117 | D:8      | Found a hazy altar of Hepliaklqana.
  7455 | D:8      | Identified the +1 ring mail of Tukifufo {+Blink +Fly rElec Dex-3} (You found it on level 5 of the Dungeon)
  7609 | D:9      | Reached skill level 10 in Axes
  7673 | D:9      | Found a stormy altar of Qazlal.
  7677 | D:9      | Found a glowing silver altar of Zin.
  7682 | D:9      | Found an iron altar of Okawaru.
  7736 | D:9      | Noticed a two-headed ogre
  7741 | D:9      | Killed a two-headed ogre
  8347 | D:10     | Entered Level 10 of the Dungeon
  8450 | D:10     | Reached skill level 11 in Axes
  8558 | D:10     | Found a staircase to the Orcish Mines.
  8590 | D:10     | Gained mutation: You regenerate magic rapidly. [demonic ancestry]
  8590 | D:10     | Reached XP level 11. HP: 80/87 MP: 9/11
  8626 | D:10     | Found a staircase to the Lair.
  8665 | D:10     | Got a dazzling scimitar
  8666 | D:10     | Identified the cursed +3 scimitar "Zyestriu" {pain, rElec Str+4 Int-3 SInv} (You found it on level 10 of the Dungeon)
  8673 | D:10     | Noticed a two-headed ogre
  8679 | D:10     | Killed a two-headed ogre
  8724 | D:10     | Noticed a brown ugly thing
  8803 | D:10     | Noticed Maurice
  8812 | D:10     | Killed Maurice
  8812 | D:10     | Received a gift from Trog
  8916 | D:10     | Reached skill level 12 in Axes
  8965 | D:10     | Reached skill level 1 in Long Blades
  8965 | D:10     | Reached skill level 5 in Dodging
  9077 | D:10     | Received a gift from Trog
  9284 | D:10     | Killed a brown ugly thing
  9352 | Orc:1    | Entered Level 1 of the Orcish Mines
  9441 | Orc:1    | Noticed Sonja
  9459 | Orc:1    | Killed Sonja
  9578 | Orc:1    | Noticed Nergalle
  9595 | Orc:1    | Killed Nergalle
  9816 | Orc:2    | Entered Level 2 of the Orcish Mines
  9816 | Orc:2    | Found a staircase to the Elven Halls.
  9846 | Orc:2    | Noticed an orc knight
 10075 | Orc:2    | Noticed an orc knight
 10091 | Orc:2    | Reached XP level 12. HP: 92/97 MP: 7/12
 10099 | Orc:2    | Reached skill level 5 in Long Blades
 10458 | Orc:1    | Reached skill level 10 in Fighting
 10595 | Orc:1    | Noticed Erica
 10609 | Orc:1    | Killed Erica
 10866 | Orc:2    | Found Foj Kid's Book Emporium.
 10866 | Orc:2    | Found Elyuggeh's Gadget Shop.
 11151 | Orc:2    | Found Atopan's Armour Emporium.
 11151 | Orc:2    | Found Romohaje's Jewellery Shop.
 11197 | Orc:2    | Found a roughly hewn altar of Beogh.
 11455 | D:11     | Noticed a two-headed ogre
 11459 | D:11     | Killed a two-headed ogre
 11619 | D:11     | Noticed a two-headed ogre
 11627 | D:11     | Killed a two-headed ogre
 11763 | D:11     | Got a glittering iron ring
 11931 | D:11     | Found Tiaruaso's Gadget Boutique.
 12035 | D:11     | Identified the ring "Zoodydep" {rF+ rC+ MP+9 Int+5} (You found it on level 11 of the Dungeon)
 12255 | D:11     | Noticed an eight-headed hydra
 12262 | D:11     | Killed an 11-headed hydra
 12262 | D:11     | Gained mutation: You are mostly covered in sharp spines. [demonic ancestry]
 12262 | D:11     | Reached XP level 13. HP: 104/104 MP: 13/13
 12465 | Lair:1   | Entered Level 1 of the Lair of Beasts
 12688 | Lair:1   | Found a frozen archway.
 12706 | Lair:1   | Reached skill level 10 in Armour
 12718 | IceCv    | Entered an ice cave
 12781 | IceCv    | Received a gift from Trog
 13057 | IceCv    | Found an ancient bone altar of Kikubaaqudgha.
 13083 | IceCv    | Reached ****** piety under Trog
 13479 | IceCv    | Received a gift from Trog
 13494 | IceCv    | Got a jewelled demon blade {god gift}
 13495 | IceCv    | Identified the +5 demon blade of Killer Klown's Regret {protect, rF+ Str+7} (Trog gifted it to you in an ice cave)
 13922 | Lair:1   | Reached skill level 13 in Axes
 14943 | Lair:2   | Identified 2 scrolls of acquirement
 15302 | Lair:2   | Found a staircase to the Shoals.
 15632 | Lair:3   | Reached XP level 14. HP: 109/114 MP: 14/14
 15688 | Lair:3   | Reached skill level 10 in Long Blades
 15939 | Lair:3   | Received a gift from Trog
 16845 | Lair:4   | Found a hole to the Spider Nest.
 16908 | Lair:4   | Received a gift from Trog
 18396 | Lair:6   | Entered Level 6 of the Lair of Beasts
 18658 | Lair:6   | Received a gift from Trog
 18802 | Lair:6   | Reached XP level 15. HP: 95/122 MP: 15/15
 19152 | Lair:6   | Found a staircase to the Slime Pits.
 19553 | Lair:6   | Reached skill level 14 in Axes
 20213 | D:12     | Found Juina's Assorted Antiques.
 20221 | D:12     | Bought a scroll of magic mapping for 63 gold pieces
 20221 | D:12     | Bought a scroll of identify for 36 gold pieces
 20357 | D:12     | Found Aplirghai's Distillery.
 20360 | D:12     | Bought a potion of mutation for 120 gold pieces
 20360 | D:12     | Bought a potion of curing for 45 gold pieces
 20360 | D:12     | Bought a potion of heal wounds for 75 gold pieces
 20360 | D:12     | Bought 2 potions of heal wounds for 150 gold pieces
 20360 | D:12     | Bought a potion of curing for 45 gold pieces
 20442 | D:12     | Found Lumuohux's Magic Scroll Shoppe.
 20450 | D:12     | Bought a scroll of identify for 30 gold pieces
 20450 | D:12     | Bought a scroll of identify for 30 gold pieces
 20450 | D:12     | Bought a scroll of identify for 30 gold pieces
 20450 | D:12     | Bought a scroll of identify for 30 gold pieces
 20450 | D:12     | Bought a scroll of identify for 30 gold pieces
 20450 | D:12     | Bought a scroll of enchant weapon for 112 gold pieces
 20450 | D:12     | Bought a scroll of identify for 30 gold pieces
 20516 | D:12     | Found Efremat's Jewellery Emporium.
 20751 | D:12     | Got a pitted helmet
 20762 | D:12     | Identified the +0 helmet of Kekoatev {rF+++ rC- Str+2 Stlth+} (You found it on level 12 of the Dungeon)
 20827 | D:13     | Found Kubress's Food Shop.
 21552 | D:13     | Got a warped iron ring
 21554 | D:13     | Identified the ring of Rud Paimo {rElec rN+} (You found it on level 13 of the Dungeon)
 21709 | D:14     | Received a gift from Trog
 22151 | D:14     | Reached skill level 15 in Axes
 22155 | D:14     | Noticed a tengu reaver
 22206 | D:14     | Found a glowing silver altar of Zin.
 22354 | D:14     | Received a gift from Trog
 22453 | D:14     | Found a gate to the Vaults.
 22797 | D:15     | Entered Level 15 of the Dungeon
 22822 | D:15     | HP: 7/187 [orc warrior/trident[an orc knight] (6)]
 22824 | D:15     | Slain by a skeletal warrior

Vault maps used:
D:1:      zaba_arrival_water, minmay_pentomino_z4
D:2:      first_ration
D:4:      nicolae_tso_besieged_by_evil
D:5:      minmay_checkerbox, uniq_grinder, uniq_pikel
D:6:      nicolae_overflow_hidden_temple, minmay_temple_entry_overgrown,
          uniq_sigmund
D:8:      basic_altar, enter_bailey_3
D:9:      minmay_overflow_temple_star_quad, blue_anna_alchemist,
          minmay_fire_ice_demons
D:10:     minmay_lair_entry_grove, uniq_maurice
D:11:     lemuel_ice_spiral_2, serial_shops, shop
D:12:     serial_shops, nicolae_shop_trees, nicolae_shop_overgrown_old_shop,
          shop, kennysheep_little_box, columned_hall_lemuel
D:13:     serial_shops, shop_fountains, kennysheep_just_a_vault
D:14:     minmay_expanding_circles, david_vaults_1, basic_altar,
          hangedman_decor_slide_cut
D:15:     grunt_enter_depths_snipers, minmay_fountain_box,
          nicolae_gozag_cash_rules_everything_around_me, uniq_kirke
Lair:1:   portal_ice_cave_entry_ice_beasts, fungi_pond_lemuel,
          grunt_megastairs_5
Lair:2:   minmay_shoals_entry_beasts
Lair:3:   minmay_holes, nicolae_quartered_pool_little, serial_bayou_pond_e,
          eino_small_chamber_without_monster, minmay_another_anthill
Lair:4:   spider_nest_entry_a, special_room, minmay_lair_oklob_items,
          grunt_forest_large_clearings
Lair:6:   due_jungle_book, minmay_slime_entry_pillars, minmay_lair_oklob_chamber
Orc:1:    abandoned_shop, uniq_erica, uniq_sonja, uniq_nergalle
Orc:2:    st_orc_town
Bailey:   bailey_axe_1, bailey
IceCv:    ice_cave_small_necro

Skill      XL: |  1  2  3  4  5  6  7  8  9 10 11 12 13 14 15 |
---------------+----------------------------------------------+-----
Axes           | 3 4 5 6 8 9 11 12 13 15 | 15.4
Dodging        | 2 3 4 5 |  5.2
Armour         | 2 3 4 5 6 8 9 10 11 12 | 12.0
Fighting       | 4 5 7 8 9 10 11 12 13 | 13.6
Stealth        | 1 2 |  2.0
Long Blades    | 4 8 9 11 | 11.9
Evocations     | |  0.8

Action                   |  1- 3 |  4- 6 |  7- 9 | 10-12 | 13-15 || total
-------------------------+-------+-------+-------+-------+-------++-------
Melee: Hand axe          |   125 |   127 |   249 |    74 |       ||   575
       Battleaxe         |       |       |       |   130 |   186 ||   316
       Kick              |       |       |       |   330 |   550 ||   880
       Scimitar          |       |       |       |   452 |    23 ||   475
       Demon blade       |       |       |       |       |   387 ||   387
       Executioner's axe |       |       |       |       |   374 ||   374
Invok: Berserk           |     3 |     5 |    11 |    17 |     6 ||    42
       Trog's Hand       |       |     2 |     3 |    16 |     6 ||    27
       Brothers in Arms  |       |       |       |     3 |       ||     3
Evoke: Wand              |       |       |       |       |     1 ||     1
  Use: Scroll            |     4 |     3 |     5 |    10 |    21 ||    43
       Potion            |       |       |       |     1 |       ||     1
  Eat: Chunk             |     7 |     9 |    17 |    41 |    35 ||   109
       Ration            |       |       |     1 |     1 |     3 ||     5
Armor: Scale mail        |    25 |       |       |       |       ||    25
       Animal skin       |     2 |       |       |       |       ||     2
       Chain mail        |       |     6 |       |       |       ||     6
       Ring mail         |       |    24 |    68 |    23 |       ||   115
       Plate armour      |       |       |       |   291 |   771 ||  1062
Dodge: Dodged            |    71 |    60 |   155 |   430 |   651 ||  1367
       Deflected         |     4 |     5 |     8 |    43 |    25 ||    85
       Rpst.: Scimitar   |       |       |       |    69 |       ||    69
       Demon blade       |       |       |       |       |    68 ||    68

Table legend:
 A = Non-vault XP
 B = Vault XP
 C = Vault XP percentage of total XP
 D = Non-vault monster count
 E = Vault monster count
 F = Vault count percentage of total count
                 A         B        C        D         E       F
            +---------+---------+-------+---------+---------+-------
      Total |  101907 |   48343 |  32.2 |     633 |     303 |  32.4
            +---------+---------+-------+---------+---------+-------
        D:1 |      34 |       5 |  12.8 |      21 |       3 |  12.5
        D:2 |      55 |       0 |   0.0 |      28 |       0 |   0.0
        D:3 |     213 |       0 |   0.0 |      36 |       0 |   0.0
        D:4 |     346 |      22 |   6.0 |      25 |      13 |  34.2
        D:5 |    1382 |    1001 |  42.0 |      30 |       5 |  14.3
        D:6 |     789 |     212 |  21.2 |      17 |       1 |   5.6
        D:7 |    1315 |       0 |   0.0 |      26 |       0 |   0.0
        D:8 |     835 |       8 |   0.9 |      12 |       4 |  25.0
        D:9 |    2749 |     102 |   3.6 |      24 |       2 |   7.7
       D:10 |    5282 |    2383 |  31.1 |      37 |      13 |  26.0
       D:11 |    7037 |      50 |   0.7 |      44 |       1 |   2.2
       D:12 |    3760 |       0 |   0.0 |      13 |       0 |   0.0
       D:13 |    5080 |    1173 |  18.8 |      22 |       1 |   4.3
       D:14 |   10718 |    2487 |  18.8 |      49 |       7 |  12.5
       D:15 |    6937 |       0 |   0.0 |      17 |       0 |   0.0
     Lair:1 |    7312 |    3301 |  31.1 |      36 |      18 |  33.3
     Lair:2 |    5542 |     776 |  12.3 |      17 |       2 |  10.5
     Lair:3 |    8810 |    2323 |  20.9 |      26 |      18 |  40.9
     Lair:4 |    4978 |   12013 |  70.7 |      18 |      61 |  77.2
     Lair:5 |    6659 |       0 |   0.0 |      27 |       0 |   0.0
     Lair:6 |   17260 |    5945 |  25.6 |      39 |      17 |  30.4
      Orc:1 |    1107 |    2653 |  70.6 |      20 |       4 |  16.7
      Orc:2 |    3707 |    6973 |  65.3 |      49 |      57 |  53.8
     Bailey |       0 |     635 | 100.0 |       0 |      22 | 100.0
      IceCv |       0 |    6281 | 100.0 |       0 |      54 | 100.0
            +---------+---------+-------+---------+---------+-------
